 Dungeon Crawl Stone Soup version 0.32-a0-422-g28b100f618 (webtiles) character file.

Game seed: 10411291733282070542

943 Alarak the Chiller (level 8, -2/49 (58) HPs)
             Began as a Gnoll Ice Elementalist on Feb 22, 2024.
             Slain by a wight
             ... wielding a +2 battleaxe
              (13 damage)
             ... on level 4 of the Dungeon.
             The game lasted 00:14:48 (4793 turns).

Alarak the Chiller (Gnoll Ice Elementalist)         Turns: 4793, Time: 00:14:48

HP:   -2/49 (58)    AC: 14    Str:  7    XL:     8   Next: 12%
MP:   13/16         EV: 13    Int: 20    God:
Gold: 182           SH:  0    Dex: 14    Spells: 8/18 levels left

rFire   . . .        n - +4 flail
rCold   . . .        (no shield)
rNeg    . . .        p - +3 leather armour of Roitetana {Int+4}
rPois   .            (no helmet)
rElec   .            (no cloak)
rCorr   .            (no gloves)
SInv    .            D - +1 pair of boots
Will    .....        t - amulet of magic regeneration
Stlth   +++          (no ring)
HPRegen 0.28/turn    (no ring)
MPRegen 0.55/turn

%: no passive effects
@: ice-armoured, freezing walls, heavily drained
A: fangs 1, strong nose, distributed training
a: no special abilities


You were on level 4 of the Dungeon.
You visited 1 branch of the dungeon, and saw 5 of its levels.

You collected 182 gold pieces.

Inventory:

Hand Weapons
 d - a +0 dagger
 j - a +0 short sword
 n - a +4 flail (weapon)
 o - a +0 sling
Armour
 a - a +0 robe
 c - a +0 tower shield
 i - a +0 leather armour
 p - the +3 leather armour of Roitetana (worn) {Int+4}
   (You found it on level 3 of the Dungeon)

   Int+4:     It affects your intelligence (+4).
 D - a +1 pair of boots (worn)
Magical Staves
 v - a staff of earth
 E - a staff of death
Jewellery
 t - an amulet of magic regeneration (around neck)
Talismans
 q - a beast talisman
Scrolls
 e - 3 scrolls of identify
 h - a scroll of enchant weapon
 m - 2 scrolls of teleportation
Potions
 b - 2 potions of magic
 f - 3 potions of might {unknown}
 g - a potion of ambrosia {unknown}
 k - a potion of cancellation {unknown}
 l - 6 potions of curing {unknown}
 u - 2 potions of heal wounds {unknown}
 w - a potion of mutation {unknown}
 A - a potion of lignification {unknown}
 B - 2 potions of enlightenment {unknown}


   Skills:
 + Level 3.1 Fighting
 + Level 3.1 Short Blades
 + Level 3.1 Long Blades
 + Level 3.1 Axes
 + Level 3.1 Maces & Flails
 + Level 3.1 Polearms
 + Level 3.1 Staves
 + Level 3.1 Ranged Weapons
 + Level 3.1 Throwing
 + Level 3.1 Armour
 + Level 5.6 Dodging
 + Level 5.2 Stealth
 + Level 3.1 Shields
 + Level 3.1 Unarmed Combat
 + Level 5.9 Spellcasting
 + Level 2.5 Conjurations
 + Level 2.5 Hexes
 + Level 2.5 Summonings
 + Level 2.5 Necromancy
 + Level 2.5 Translocations
 + Level 2.5 Fire Magic
 + Level 7.6 Ice Magic
 + Level 2.5 Air Magic
 + Level 2.5 Earth Magic
 + Level 2.5 Alchemy
 + Level 3.4 Invocations
 + Level 3.1 Evocations
 + Level 2.8 Shapeshifting


You had 8 spell levels left.
You knew the following spells:

 Your Spells              Type           Power      Damage    Failure   Level
a - Freeze                Ice            100%       1d10      1%          1
b - Frozen Ramparts       Ice            72%        1d11      1%          3
c - Ozocubu's Armour      Ice            36%        N/A       1%          3
d - Summon Ice Beast      Ice/Summ       26%        N/A       6%          3

Your spell library contained the following spells:

 Spells                   Type           Power      Damage    Failure   Level
 Apportation              Tloc           32%        N/A       5%          1
 Necrotise                Necr           64%        1d7       5%          1
 Sandblast                Erth           32%        2d9       5%          1
 Sting                    Conj/Alch      64%        1d7       5%          1
 Summon Small Mammal      Summ           64%        N/A       5%          1
 Passwall                 Erth           16%        N/A       16%         3
 Stone Arrow              Conj/Erth      32%        3d9       16%         3
 Brom's Barrelling Bould  Conj/Erth      16%        2d4       47%         4


Dungeon Overview and Level Annotations

Branches:
Dungeon (5/15)             Temple (0/1) D:5

Altars:
Dithmenos
Kikubaaqudgha
Qazlal
Zin

Shops:
D:4 ?


Innate Abilities, Weirdness & Mutations

You have very sharp teeth.
Your uncanny sense of smell can sniff out nearby items.
Your experience applies equally to all skills.


Message History

A film of ice covers your body!
The wight hits you but does no damage. x3
Casting: Ozocubu's Armour (safe; 1% risk of failure)
Confirm with . or Enter, or press ? or * to list all spells.
Casting: Frozen Ramparts (safe; 1% risk of failure)
Press: ? - help, Dir - look around, f - activate A stone staircase leading down.
The walls around you are covered in ice.
The wall freezes the wight but does no damage.
The wight misses you.
The wight resists.
The wall freezes the wight.
The wight misses you.
The wight completely resists.
The wall freezes the wight but does no damage.
The wight hits you with a +4 falchion!
You feel drained.
You closely miss the wight.
The wight completely resists.
The wall freezes the wight but does no damage.
The wight barely misses you.
The wall freezes the wight but does no damage.
The wight misses you.
The wall freezes the wight but does no damage.
The wight hits you with a +4 falchion.
The wight completely resists.
The wall freezes the wight but does no damage.
The wight misses you.
The wight resists.
The wall freezes the wight.
The wight closely misses you.
The wall freezes the wight but does no damage.
The wight hits you with a +4 falchion.
You feel drained.
You completely miss the wight.
The wight completely resists.
The wall freezes the wight but does no damage.
The wight hits you with a +3 short sword of freezing.
The wight freezes you.
The wight resists.
The wall freezes the wight.
The wight misses you.
The wight resists.
The wall freezes the wight.
The wight barely misses you.
You hit the wight.
The wight is heavily damaged.
The wight resists.
The wall freezes the wight.
The wight hits you with a +3 short sword of freezing.
* * * LOW HITPOINT WARNING * * *
The wight freezes you.
* * * LOW HITPOINT WARNING * * *
The wight resists.
The wall freezes the wight.
The wight hits you with a +2 battleaxe!
You die...

#.# #####.# ############
###.....# #...........
####.......# #..........#
#........### #..........#
#.##.#.#.# #..........#
#.##.#.#.### #..........#
#.##.#.#.z.###..........#
#.##....@z..............#
#.##.#.#z#..##.#.........
#.##.#.#.#.....#.........
#.##........#............
#.##.........#.#.........
#.##.....#..##.#.........
#...........##.#.........
#.##.....#..##.##########
#.##...........# #......


You could see 3 wights.

Vanquished Creatures
  Menkaure (D:4)
  A water moccasin (D:4)
  2 phantoms (D:4)
  2 wights
  A water moccasin skeleton (D:4)
  A human zombie (D:4)
  An orc priest (D:4)
  3 bombardier beetles
  An orc wizard (D:4)
  A hound zombie (D:4)
  A hound skeleton (D:4)
  2 adders
  2 shadow imps (D:4)
  A white imp (D:5)
  2 adder zombies (D:4)
  2 adder skeletons (D:4)
  3 ribbon worms
  2 dart slugs
  12 orcs (D:4)
  2 bats (D:1)
  7 endoplasms
  A giant cockroach (D:1)
  9 hobgoblins
  3 kobolds
  4 quokkas
  11 ball pythons
  6 frilled lizards
  5 goblins
  5 rats
94 creatures vanquished.

Vanquished Creatures (collateral kills)
  The ghost of avgcrawlenjoyer the Sneak, a weakling DsDe (D:4)
1 creature vanquished.

Grand Total: 95 creatures vanquished

Notes
Turn   | Place    | Note
-------+----------+-------------------------------------------
     0 | D:1      | Alarak the Gnoll Ice Elementalist began the quest for the
                  | Orb.
     0 | D:1      | Reached XP level 1. HP: 13/13 MP: 6/6
   138 | D:1      | Reached XP level 2. HP: 20/20 MP: 3/7
   268 | D:1      | Reached skill level 5 in Spellcasting
   268 | D:1      | Reached XP level 3. HP: 25/25 MP: 6/9
   500 | D:1      | Reached skill level 1 in Invocations
   751 | D:2      | Reached skill level 1 in Fighting
   751 | D:2      | Reached skill level 1 in Short Blades
   751 | D:2      | Reached skill level 1 in Long Blades
   751 | D:2      | Reached skill level 1 in Axes
   751 | D:2      | Reached skill level 1 in Maces & Flails
   751 | D:2      | Reached skill level 1 in Polearms
   751 | D:2      | Reached skill level 1 in Staves
   751 | D:2      | Reached skill level 1 in Ranged Weapons
   751 | D:2      | Reached skill level 1 in Throwing
   751 | D:2      | Reached skill level 1 in Armour
   751 | D:2      | Reached skill level 1 in Shields
   751 | D:2      | Reached skill level 1 in Unarmed Combat
   751 | D:2      | Reached skill level 1 in Evocations
   757 | D:2      | Learned a level 3 spell: Frozen Ramparts
   761 | D:2      | Learned a level 3 spell: Ozocubu's Armour
   847 | D:2      | Reached skill level 1 in Shapeshifting
   847 | D:2      | Reached XP level 4. HP: 17/32 MP: 7/11
  1089 | D:2      | Found a shadowy altar of Dithmenos.
  1124 | D:2      | Found a faded altar of an unknown god.
  1129 | D:2      | Reached skill level 1 in Conjurations
  1129 | D:2      | Reached skill level 1 in Hexes
  1129 | D:2      | Reached skill level 1 in Summonings
  1129 | D:2      | Reached skill level 1 in Necromancy
  1129 | D:2      | Reached skill level 1 in Translocations
  1129 | D:2      | Reached skill level 1 in Fire Magic
  1129 | D:2      | Reached skill level 1 in Air Magic
  1129 | D:2      | Reached skill level 1 in Earth Magic
  1129 | D:2      | Reached skill level 1 in Alchemy
  1504 | D:3      | Found a stormy altar of Qazlal.
  1504 | D:3      | Identified the +3 leather armour of Roitetana {Int+4}
  2077 | D:3      | Reached XP level 5. HP: 29/37 MP: 2/12
  2628 | D:4      | Reached XP level 6. HP: 32/44 MP: 14/14
  2759 | D:4      | Reached skill level 5 in Dodging
  2962 | D:4      | Found a glowing silver altar of Zin.
  3125 | D:4      | Noticed Menkaure
  3142 | D:4      | Killed Menkaure
  3143 | D:4      | Reached XP level 7. HP: 44/51 MP: 9/15
  3264 | D:4      | Found Tohuer's Magic Scroll Emporium.
  3324 | D:4      | Found a runed translucent door.
  3324 | D:4      | Noticed avgcrawlenjoyer's ghost (weakling DsDe)
  3562 | D:4      | Found an ancient bone altar of Kikubaaqudgha.
  3704 | D:4      | Reached skill level 5 in Stealth
  4081 | D:4      | Learned a level 3 spell: Summon Ice Beast
  4087 | D:4      | Killed avgcrawlenjoyer's ghost
  4212 | D:5      | Entered Level 5 of the Dungeon
  4409 | D:4      | Reached XP level 8. HP: 22/58 MP: 12/16
  4793 | D:4      | Slain by a wight

Illustrated notes

Levels and vault maps discovered:
D:1:      tarquinn_simple_flora_water_b, layout_rooms, nicolae_titane
D:2:      layout_basic, hellmonk_ecumenical_altar_leap_of_faith, basic_altar
D:3:      layout_loops_ring, grunt_qazlal_clouds, grunt_decor_clamped,
          due_unseen_surprise
D:4:      minmay_wonky_spiral, layout_basic,
          mainiacjoe_overflow_concentric_impassable,
          lemuel_mausoleum_altar_kikubaaqudgha, serial_shops, shop,
          hellmonk_ghost_happy_afterlife, nicolae_zen_rock_garden, uniq_menkaure
D:5:      layout_cave_pools, nzn_wu_jian_contemplation, temple_green, uniq_ijyb

Skill      XL: |  1  2  3  4  5  6  7 |
---------------+----------------------+-----
Spellcasting   | 5 |  5.9
Invocations    | 1 2 3 |  3.4
Fighting       | 1 2 3 |  3.1
Short Blades   | 1 2 3 |  3.1
Long Blades    | 1 2 3 |  3.1
Axes           | 1 2 3 |  3.1
Maces & Flails | 1 2 3 |  3.1
Polearms       | 1 2 3 |  3.1
Staves         | 1 2 3 |  3.1
Ranged Weapons | 1 2 3 |  3.1
Throwing       | 1 2 3 |  3.1
Armour         | 1 2 3 |  3.1
Shields        | 1 2 3 |  3.1
Unarmed Combat | 1 2 3 |  3.1
Evocations     | 1 2 3 |  3.1
Shapeshifting  | 1 2 |  2.8
Conjurations   | 1 2 |  2.5
Hexes          | 1 2 |  2.5
Summonings     | 1 2 |  2.5
Necromancy     | 1 2 |  2.5
Translocations | 1 2 |  2.5
Fire Magic     | 1 2 |  2.5
Air Magic      | 1 2 |  2.5
Earth Magic    | 1 2 |  2.5
Alchemy        | 1 2 |  2.5
Dodging        | 5 |  5.6
Stealth        | 5 |  5.2
Ice Magic      | |  7.6

Action                     |  1- 3 |  4- 6 |  7- 9 || total
---------------------------+-------+-------+-------++-------
  Melee: Dagger            |    19 |       |       ||    19
         Short sword       |     6 |    10 |       ||    16
         Staff             |       |       |    33 ||    33
         Bite              |       |       |     6 ||     6
         Flail             |       |       |     6 ||     6
   Fire: Sling             |       |   183 |    77 ||   260
   Cast: Freeze            |    25 |     8 |     2 ||    35
         Frozen Ramparts   |       |    13 |    12 ||    25
         Ozocubu's Armour  |       |    10 |    12 ||    22
         Summon Ice Beast  |       |       |     1 ||     1
    Use: Scroll            |       |     1 |     8 ||     9
         Potion            |       |     1 |       ||     1
   Stab: Sleeping          |     7 |     3 |     1 ||    11
 Armour: Robe              |    14 |       |       ||    14
         Leather armour    |       |    88 |   100 ||   188
  Dodge: Dodged            |    23 |   100 |    65 ||   188

Table legend: (Time is in decaauts)
 A = Elapsed time spent in this place.
 B = Non-inter-level travel time spent in this place.
 C = Inter-level travel time spent in this place.
 D = Time resting spent in this place.
 E = Time spent auto-exploring this place.
 F = Levels seen in this place.
 G = Mean time per level.
                   A        B        C        D        E       F      G
               +--------+--------+--------+--------+--------+-----+--------+
         Total |   4892 |   4405 |    487 |    693 |   2826 |   5 |  978.4 |
       Dungeon |   4892 |   4405 |    487 |    693 |   2826 |   5 |  978.4 |
               +--------+--------+--------+--------+--------+-----+--------+

Top non-repeatable levels by time:
     D:4: 2289 daAuts
     D:3: 999 daAuts
     D:1: 745 daAuts
     D:2: 699 daAuts
     D:5: 159 daAuts
